 Dungeon Crawl Stone Soup version 0.30-a0-165-g1891117ce2 (webtiles) character file.

Game seed: 17506926321262585061

31 qw the Shield-Bearer (level 3, -8/23 HPs)
             Began as a Gargoyle Fighter on Sept 28, 2022.
             Mangled by an iguana (10 damage)
             ... on level 2 of the Dungeon.
             The game lasted 00:00:29 (1471 turns).

qw the Shield-Bearer (Gargoyle Fighter)             Turns: 1471, Time: 00:00:30

Health: -8/23      AC: 15    Str: 18 (21) XL:     3   Next: 22%
Magic:  3/3        EV:  5    Int:  6 (8)  God:
Gold:   95         SH:  4    Dex:  6 (9)  Spells: 2/2 levels left

rFire   . . .      SeeInvis .    Y - +0 war axe
rCold   . . .      Faith    .    c - +0 buckler
rNeg    + . .      Spirit   .    l - +0 plate armour
rPois   inf        Reflect  .    (no helmet)
rElec   +          Harm     .    (no cloak)
rCorr   .          Rampage  .    i - +0 pair of gloves
Will    .....                    (no boots)
Stlth   ..........               (no amulet)
HPRegen 0.07/turn                (no ring)
MPRegen 0.08/turn                (no ring)

@: no status effects
A: sickness immunity, AC +3, negative energy resistance 1, electricity
resistance, torment resistance 1, petrification resistance
a: no special abilities


You were on level 2 of the Dungeon.
You visited 1 branch of the dungeon, and saw 2 of its levels.

You collected 95 gold pieces.


Innate Abilities, Weirdness & Mutations

You are immune to sickness and miasma.
Your stone body is resilient. (AC +3)
You are immune to poison.
You resist negative energy. (rN+)
You are resistant to electric shocks. (rElec)
You are resistant to unholy torment.
You are immune to petrification.


   Skills:
 - Level 3.2 Fighting
 + Level 3.2 Axes
 - Level 3.2 Armour
 - Level 3.2 Shields


You had 2 spell levels left.
You didn't know any spells.
Your spell library was empty.

Inventory:

Hand Weapons
 e - a +0 club
 Y - a +0 war axe (weapon)
Armour
 c - a +0 buckler (worn)
 i - a +0 pair of gloves (worn)
 l - a +0 plate armour (worn)
Scrolls
 a - 2 scrolls of identify
Potions
 d - 3 potions of might
 g - a potion of brilliance {unknown}
 k - a potion of curing {unknown}

Dungeon Overview and Level Annotations

Branches:
Dungeon (2/15)

Altars:


Message History

You kill the rat!
Found an escape hatch in the floor.
You see here a rat corpse.
Found a stone staircase leading up.
Enter note:
Enter note: A frilled lizard comes into view.
The frilled lizard hisses angrily.
An iguana comes into view.
1457 ||| Stepping ~*~*~tactically~*~*~ (stealth).
The iguana hisses angrily.
You hit the frilled lizard but do no damage.
The frilled lizard bites you.
You miss the frilled lizard.
The frilled lizard bites you but does no damage. x2
You miss the frilled lizard. You closely miss the frilled lizard.
The frilled lizard barely misses you.
You hit the iguana but do no damage. You hit the frilled lizard.
You kill the frilled lizard!
The iguana bites you.
The iguana bites you but does no damage.
You hit the iguana but do no damage. You block the iguana's attack.
You hit the iguana but do no damage.
The iguana bites you but does no damage.
You closely miss the iguana.
The iguana bites you but does no damage. x2
You closely miss the iguana. The iguana bites you.
You barely miss the iguana. The iguana bites you. x2
You hit the iguana but do no damage.
The iguana bites you but does no damage.
You barely miss the iguana. The iguana completely misses you.
You closely miss the iguana.
The iguana bites you but does no damage.
The iguana bites you!
You die...

. .. ..... ...#
...#.##########
......l%.......
#.##@# #.##.#########
##### #.##.......<...
..... #.............#
#.... #..##########.#
#.### #..# #.# #.#..
#..# #.###.#.#
#..##########.......#
#..#............#.#.#


You could see an iguana.

Vanquished Creatures
  4 bats (D:1)
  An endoplasm (D:1)
  A giant cockroach (D:1)
  4 goblins (D:1)
  5 hobgoblins (D:1)
  2 quokkas (D:2)
  2 ball pythons (D:1)
  5 frilled lizards
  2 kobolds (D:1)
  3 rats
29 creatures vanquished.

Notes
Turn   | Place    | Note
-------+----------+-------------------------------------------
     0 | D:1      | qw the Gargoyle Fighter began the quest for the Orb.
     0 | D:1      | Reached XP level 1. HP: 14/14 MP: 1/1
     0 | D:1      | 0 ||| qw: Version: 0.2-a-12-gaebbb33
     0 | D:1      | 0 ||| qw: Game counter: 886
     0 | D:1      | 0 ||| qw: Always use a shield: true
     0 | D:1      | 0 ||| qw: God list: Okawaru
     0 | D:1      | 0 ||| qw: Allow faded altars: false
     0 | D:1      | 0 ||| qw: Do Orc after D:15 true
     0 | D:1      | 0 ||| qw: Do second Lair branch before Depths: true
     0 | D:1      | 0 ||| qw: Lair rune preference: random
     0 | D:1      | 0 ||| qw: Plans: Normal, Zot:1-4, God:TSO, Crypt, Tomb,
                  | Pan, Slime:5, Hells, Abyss, Orb
     0 | D:1      | 0 ||| PLANNING D:1-11
    12 | D:1      | 12 ||| Stepping ~*~*~tactically~*~*~ (stealth).
   210 | D:1      | Reached XP level 2. HP: 11/19 MP: 2/2
   495 | D:1      | 495 ||| Stepping ~*~*~tactically~*~*~ (stealth).
   797 | D:1      | Reached skill level 3 in Axes
   985 | D:1      | Reached XP level 3. HP: 23/23 MP: 3/3
  1188 | D:1      | 1188 ||| UPGRADING to +0 pair of gloves.
  1193 | D:1      | 1193 ||| UPGRADING to +0 plate armour.
  1203 | D:1      | 1203 ||| DROPPING +0 scale mail.
  1204 | D:1      | 1204 ||| READING 2 scrolls labelled HOEROA FEOVVO.
  1205 | D:1      | 1205 ||| READING scroll labelled EPSINE ALAHO.
  1206 | D:1      | 1206 ||| DRINKING 2 pink potions.
  1207 | D:1      | 1207 ||| DROPPING potion of degeneration.
  1457 | D:2      | 1457 ||| Stepping ~*~*~tactically~*~*~ (stealth).
  1468 | D:2      | HP: 2/23 [iguana (4)]
  1471 | D:2      | Mangled by an iguana

Levels and vault maps discovered:
D:1:      sevenhm_arrival_forest_fort_large_4, layout_loops_ring
D:2:      layout_loops_ring, minmay_misc_feat_plants, kennysheep_path_1

Skill      XL: |  1  2 |
---------------+-------+-----
Axes           | 2 3 |  3.2
Fighting       | |  3.2
Armour         | |  3.2
Shields        | |  3.2

Action                   || total
-------------------------++-------
Melee: War axe           ||   100
  Use: Scroll            ||     2
       Potion            ||     1
Armor: Scale mail        ||    25
       Plate armour      ||    22
Dodge: Dodged            ||    41
Block: Buckler           ||    13

Table legend:
 A = Non-vault XP
 B = Vault XP
 C = Vault XP percentage of total XP
 D = Non-vault monster count
 E = Vault monster count
 F = Vault count percentage of total count
                 A         B        C        D         E       F
            +---------+---------+-------+---------+---------+-------
      Total |      45 |       0 |   0.0 |      29 |       0 |   0.0
            +---------+---------+-------+---------+---------+-------
        D:1 |      37 |       0 |   0.0 |      23 |       0 |   0.0
        D:2 |       8 |       0 |   0.0 |       6 |       0 |   0.0
            +---------+---------+-------+---------+---------+-------
